 Dungeon Crawl Stone Soup version 0.29.1-15-g9cfb28693d (webtiles) character file.

Game seed: 15077756252222448877

429 Sanktem7 the Trooper (level 6, -2/58 HPs)
             Began as a Minotaur Fighter on Feb 25, 2023.
             Succumbed to a killer bee's poison
             ... on level 4 of the Dungeon.
             The game lasted 00:04:26 (2994 turns).

Sanktem7 the Trooper (Minotaur Fighter)             Turns: 2994, Time: 00:04:26

Health: -2/58      AC:  7    Str: 22    XL:     6   Next: 66%
Magic:  5/5        EV:  9    Int:  5    God:
Gold:   180        SH:  4    Dex: 10    Spells: 5/5 levels left

rFire   . . .      SeeInvis .   a - +0 war axe {axe}
rCold   . . .      Faith    .   c - +0 buckler
rNeg    . . .      Spirit   .   b - +0 scale mail
rPois   .          Reflect  .   (helmet restricted)
rElec   .          Harm     .   (no cloak)
rCorr   .          Rampage  .   (no gloves)
Will    .....                   (no boots)
Stlth   ..........              o - amulet of regeneration {@e2}
HPRegen 0.99/turn               (no ring)
MPRegen 0.09/turn               (no ring)

@: lethally poisoned (-2 -> -11)
A: horns 2, retaliatory headbutt
a: no special abilities


You were on level 4 of the Dungeon.
You visited 1 branch of the dungeon, and saw 4 of its levels.

You collected 180 gold pieces.


Innate Abilities, Weirdness & Mutations

You have a pair of horns on your head.
You reflexively headbutt those who attack you in melee.


   Skills:
 * Level 6.4 Fighting
 * Level 5.6 Axes
 + Level 5.2 Armour
 - Level 3.6 Shields


You had 5 spell levels left.
You didn't know any spells.
Your spell library contained the following spells:

 Spells                   Type           Power      Damage    Failure   Level
 Sting                    Tmut/Pois      0%         1d3       86%         1
 Ensorcelled Hibernation  Hex/Ice        0%         N/A       95%         2
 Passwall                 Tmut/Erth      0%         N/A       95%         2
 Poisonous Vapours        Pois/Air       0%         N/A       95%         2
 Swiftness                Air            0%         N/A       99%         3
 Corpse Rot               Necr/Pois/Air  0%         N/A       100%        4
 Metabolic Englaciation   Hex/Ice        0%         N/A       100%        5

Inventory:

Hand Weapons
 a - a +0 war axe (weapon) {axe}
 l - a +2 short sword of venom {short}
   (You took it off a kobold on level 3 of the Dungeon)
 s - a +0 trident of flaming {polearm}
   (You took it off Robin on level 3 of the Dungeon)
Missiles
 e - 51 stones (quivered) {throwing}
 i - 12 poisoned darts {throwing}
 r - 6 boomerangs {throwing}
Armour
 b - a +0 scale mail (worn)
 c - a +0 buckler (worn)
Jewellery
 o - an amulet of regeneration (around neck) {@e2}
   (You found it on level 2 of the Dungeon)
Wands
 t - a wand of digging (8)
   (You took it off Robin on level 3 of the Dungeon)
Scrolls
 f - 2 scrolls of fear {unknown}
 g - a scroll of enchant armour {unknown}
 j - 4 scrolls of identify {@r1}
 n - a scroll of torment {unknown}
 p - 2 scrolls of immolation {unknown}
 q - a scroll of silence {unknown}
Potions
 d - 3 potions of might
 h - 3 potions of heal wounds {unknown}
 k - 3 potions of flight
 m - a potion of cancellation {unknown}

Dungeon Overview and Level Annotations

Branches:
Dungeon (4/15) Zot: 20945
 Temple: D:4-7

Altars:

Shops:
D:2

( ##.### .... ###....##
.... .......# .....
#......### ...... #
###..#.....##......
#.##....#..##.#......#
###.....†......>...##...
#......S..#.......##...#
##....@y.#...........##
##$....####...##.#....
###..## #.....##....
#..# #...#.##.... ...#
#...##..#.... #...#
#.........### #...$
#.##<......# #
####.####.......####
.####.......###.


You could see a killer bee and an adder.


Message History

The killer bee moves out of view.
The killer bee buzzes angrily.
A killer bee is nearby!
You hear an angry buzzing noise.
A killer bee comes into view.
A killer bee and an adder come into view.
The killer bee buzzes angrily.
The adder hisses angrily.
The killer bee stings you.
You are poisoned.
The killer bee poisons you!
The killer bee stings you but does no damage.
The killer bee barely misses you. 😕 HP[-3]
You take 3 damage, and now have 54/57 hp.
You barely miss the killer bee. You closely miss the killer bee.
You feel very sick. The killer bee barely misses you.
The killer bee stings you.
You are more poisoned.
The killer bee poisons you! The killer bee stings you.
The killer bee stings you but does no damage.
The killer bee stings you. 😕 HP[-10]
You take 10 damage, and now have 44/57 hp.
You hit the killer bee. You slash the killer bee! You miss the killer bee.
You feel very sick. The killer bee stings you!
The killer bee closely misses you. You block the killer bee's attack.
The killer bee stings you. The killer bee barely misses you.
You furiously retaliate!
You headbutt the killer bee!
You kill the killer bee!
You block the killer bee's attack.
The killer bee stings you but does no damage.
Your Armour skill increases to level 5! 😮 HP[-13]
You take 13 damage, and now have 31/57 hp.
MASSIVE DAMAGE!! (PAUSE)
You hit the killer bee. Your headbutt misses the killer bee.
You miss the killer bee.
You hit the killer bee but do no damage.
You feel very sick. You block the killer bee's attack.
The killer bee stings you but does no damage. x3
The killer bee stings you.
* * * LOW HITPOINT WARNING * * *
The killer bee stings you.
* * * LOW HITPOINT WARNING * * *
😨 HP[-8]
You take 8 damage, and now have 23/57 hp.
You slash the killer bee! You barely miss the adder.
You hit the killer bee but do no damage.
You closely miss the killer bee.
You feel sick. The killer bee barely misses you. You furiously retaliate!
You headbutt the killer bee.
The killer bee stings you but does no damage.
You block the killer bee's attack. The killer bee stings you!
* * * LOW HITPOINT WARNING * * *
You are more poisoned.
The killer bee poisons you! The killer bee stings you.
* * * LOW HITPOINT WARNING * * *
You are more poisoned.
The killer bee poisons you! You block the killer bee's attack.
The adder barely misses you. The killer bee barely misses you.
You furiously retaliate!
You headbutt the killer bee! You block the killer bee's attack.
The killer bee stings you but does no damage. 😱 HP[-9]
You take 9 damage, and now have 14/57 hp.
You closely miss the killer bee. You headbutt the killer bee.
You kill the killer bee!
You miss the adder. You barely miss the killer bee. You hit the killer bee.
You feel very sick. The killer bee closely misses you. You furiously retaliate!
You headbutt the killer bee, but do no damage.
You block the killer bee's attack. The adder bites you but does no damage.
The killer bee stings you but does no damage.
The killer bee misses you. The adder closely misses you. 😱 HP[-3]
You now have 58 max hp (+1).
You take 3 damage, and now have 11/58 hp.
The adder attacks as you move away! The adder misses you.
You feel very sick. The killer bee closely misses you.
The killer bee stings you.
* * * LOW HITPOINT WARNING * * *
The killer bee barely misses you. x2; You furiously retaliate!
You headbutt the killer bee!
You kill the killer bee! 😱 HP[-3]
You take 3 damage, and now have 8/58 hp.
Unknown command.
You feel very sick. The killer bee stings you.
* * * LOW HITPOINT WARNING * * *
You are more poisoned.
The killer bee poisons you! 😱 HP[-7]
You take 7 damage, and now have 1/58 hp.
As you read the scroll labelled QEYBRI RETE, it crumbles to dust.
It is a scroll of identify.
k - 3 potions of flight You die...

Skill      XL: |  1  2  3  4  5  6 |
---------------+-------------------+-----
Fighting       | 4 5 6 |  6.4
Axes           | 3 4 5 |  5.6
Armour         | 4 5 |  5.2
Shields        | |  3.6

Action                   |  1- 3 |  4- 6 || total
-------------------------+-------+-------++-------
Melee: War axe           |    92 |    74 ||   166
       Headbutt          |    11 |     8 ||    19
  Use: Scroll            |       |     1 ||     1
Armor: Scale mail        |    31 |    50 ||    81
Dodge: Dodged            |    45 |    67 ||   112
Block: Buckler           |    36 |    26 ||    62
       Reflection        |     1 |       ||     1

Levels and vault maps discovered:
D:1:      evilmike_arrival_rings, layout_basic,
          chequers_ecumenical_altar_simple, st_stairs_13, grunt_decor_arrowhead
D:2:      layout_loops_cross, serial_shops, shop
D:3:      layout_basic, uniq_robin
D:4:      layout_cave_pools, nicolae_ashenzari_panopticon, temple_doors_e,
          serial_shops, shop_coins, reono_crystal_passage

Notes
Turn   | Place    | Note
-------+----------+-------------------------------------------
     0 | D:1      | Sanktem7 the Minotaur Fighter began the quest for the Orb.
     0 | D:1      | Reached XP level 1. HP: 19/19 MP: 0/0
     0 | D:1      | magus.rc [v1.9.6]
   135 | D:1      | Found a faded altar of an unknown god.
   336 | D:1      | You add the spells Sting, Ensorcelled Hibernation and
                  | Metabolic Englaciation to your library.
   336 | D:1      | Got the Catalogue of Contamination and Frostbite
   431 | D:1      | Reached XP level 2. HP: 26/27 MP: 1/1
   533 | D:1      | Reached skill level 4 in Fighting
   538 | D:1      | Reached skill level 3 in Axes
   827 | D:1      | Reached XP level 3. HP: 33/33 MP: 2/2
   949 | D:2      | Found Vussih's Weapon Shop.
   991 | D:2      | Reached skill level 4 in Armour
  1212 | D:2      | You fall into a shaft and drop 1 floor!
  1473 | D:2      | You pick up a book of Vapours and begin reading...
  1473 | D:2      | You add the spells Poisonous Vapours and Corpse Rot to your
                  | library.
  2052 | D:3      | You pick up a book of Burglary and begin reading...
  2052 | D:3      | You add the spells Passwall and Swiftness to your library.
  2067 | D:3      | Reached XP level 4. HP: 40/41 MP: 3/3
  2153 | D:3      | Reached skill level 5 in Fighting
  2153 | D:3      | Reached skill level 4 in Axes
  2462 | D:3      | Noticed Robin
  2482 | D:3      | Killed Robin
  2812 | D:4      | Reached XP level 5. HP: 42/48 MP: 4/4
  2812 | D:4      | Noticed a black bear
  2830 | D:4      | Killed a black bear
  2831 | D:4      | Reached skill level 5 in Axes
  2831 | D:4      | Reached XP level 6. HP: 21/57 MP: 5/5
  2889 | D:4      | Reached skill level 6 in Fighting
  2989 | D:4      | Reached skill level 5 in Armour
  2990 | D:4      | HP: 14/57 [killer bee (1)]
  2993 | D:4      | HP: 6/58 [poisoned by a killer bee]
  2993 | D:4      | HP: 1/58 [killer bee (5)]
  2994 | D:4      | Succumbed to a killer bee's poison

Vanquished Creatures
  A black bear (D:4)
  3 killer bees (D:4)
  A hound (D:3)
  An orc wizard (D:4)
  Robin (D:3)
  5 adders
  A worm (D:4)
  2 dart slugs (D:1)
  5 orcs (D:4)
  5 ball pythons
  7 bats
  8 endoplasms
  2 giant cockroaches
  14 goblins
  6 hobgoblins
  4 jackals (D:1)
  4 quokkas
  A frilled lizard (D:1)
  8 kobolds
  7 rats
86 creatures vanquished.

Table legend:
 A = Non-vault XP
 B = Vault XP
 C = Vault XP percentage of total XP
 D = Non-vault monster count
 E = Vault monster count
 F = Vault count percentage of total count
                 A         B        C        D         E       F
            +---------+---------+-------+---------+---------+-------
      Total |     575 |      38 |   6.2 |      72 |      14 |  16.3
            +---------+---------+-------+---------+---------+-------
        D:1 |      40 |       1 |   2.4 |      22 |       1 |   4.3
        D:2 |      21 |       0 |   0.0 |      14 |       0 |   0.0
        D:3 |      90 |      37 |  29.1 |      15 |      13 |  46.4
        D:4 |     424 |       0 |   0.0 |      21 |       0 |   0.0
            +---------+---------+-------+---------+---------+-------

Illustrated notes

Table legend:
 A = Kills in this place as a percentage of kills in entire the game.
 B = Kills by you in this place as a percentage of kills by you in the entire game.
 C = Kills by friends in this place as a percentage of kills by friends in the entire game.
 D = Other kills in this place as a percentage of other kills in the entire game.
 E = Experience gained in this place as a percentage of experience gained in the entire game.
 F = Experience gained in this place divided by the number of levels of this place that you have seen.
                   A       B       C       D       E      F
               +-------+-------+-------+-------+-------+----------------------
         Total | 100.0 | 100.0 |   N/A |   N/A | 100.0 | 153.2
       Dungeon | 100.0 | 100.0 |   N/A |   N/A | 100.0 | 153.2
               +-------+-------+-------+-------+-------+----------------------

Table legend: (Time is in decaauts)
 A = Elapsed time spent in this place.
 B = Non-inter-level travel time spent in this place.
 C = Inter-level travel time spent in this place.
 D = Time resting spent in this place.
 E = Time spent auto-exploring this place.
 F = Levels seen in this place.
 G = Mean time per level.
                   A        B        C        D        E       F      G
               +--------+--------+--------+--------+--------+-----+--------+
         Total |   3054 |   2910 |    144 |      0 |   2457 |   4 |  763.5 |
       Dungeon |   3054 |   2910 |    144 |      0 |   2457 |   4 |  763.5 |
               +--------+--------+--------+--------+--------+-----+--------+

Top non-repeatable levels by time:
     D:3: 1147 daAuts
     D:1: 964 daAuts
     D:2: 728 daAuts
     D:4: 214 daAuts
